| TOP OF THE 1ST |
|
Oklahoma City Dodgers batting - Pitching for Louisville Bats : RHP Justin Ezzell
|
|
Pitching: RHP Justin Ezzell
|
|
|
Batting: RHB Jose Ramirez
|
0-0: Foul Ball, location: 2F 0-1: Called Strike 0-2: Strikes out swinging
|
|
Batting: RHB Jason Baldwin
|
0-0: Foul Ball, location: 2F 0-1: Swinging Strike 0-2: Ball 1-2: Strikes out looking
|
|
Batting: LHB Chris Buchan
|
0-0: Ball 1-0: Ball 2-0: Ground out 4-3 (Groundball, 34D, EV 94.4 MPH)
|
| Top of the 1st over - 0 runs, 0 hits, 0 errors, 0 left on base; Oklahoma City 0 - Louisville 0 |
| BOTTOM OF THE 1ST |
|
Louisville Bats batting - Pitching for Oklahoma City Dodgers : RHP Jon Schau
|
|
Pitching: RHP Jon Schau
|
|
|
Batting: RHB Takanibu Kaneshiro
|
0-0: Foul Ball, location: 2F 0-1: Swinging Strike 0-2: Ball 1-2: Ball 2-2: Ball 3-2: Ground out 5-3 (Groundball, 5L, EV 103.8 MPH)
|
|
Batting: SHB Freddie Farrar
|
0-0: Ball 1-0: Called Strike 1-1: Ground out 4-3 (Groundball, 4, EV 80.6 MPH)
|
|
Batting: RHB Mike Alm
|
0-0: Foul Ball, location: 2F 0-1: Called Strike 0-2: Ball 1-2: Foul Ball, location: 2F 1-2: Strikes out looking
|
| Bottom of the 1st over - 0 runs, 0 hits, 0 errors, 0 left on base; Oklahoma City 0 - Louisville 0 |
| TOP OF THE 2ND |
|
Oklahoma City Dodgers batting - Pitching for Louisville Bats : RHP Justin Ezzell
|
|
Batting: RHB John Piccolo
|
0-0: SOLO HOME RUN (Flyball, 7D, EV 93.8 MPH), Distance : 366 ft
|
|
Batting: RHB Tommy Hunter
|
0-0: Ball 1-0: Called Strike 1-1: Ground out 6-3 (Groundball, 6, EV 101.2 MPH)
|
|
Batting: LHB Darrell Ortega
|
0-0: Ball 1-0: Ball 2-0: Called Strike 2-1: Swinging Strike 2-2: Foul Ball, location: 2F 2-2: Fly out, F8 (Flyball, 78D, EV 90.0 MPH)
|
|
Batting: RHB Justin Curran
|
0-0: Ball 1-0: Ball 2-0: Foul Ball, location: 2F 2-1: Ground out 6-3 (Groundball, 6, EV 100.0 MPH)
|
| Top of the 2nd over - 1 run, 1 hit, 0 errors, 0 left on base; Oklahoma City 1 - Louisville 0 |
| BOTTOM OF THE 2ND |
|
Louisville Bats batting - Pitching for Oklahoma City Dodgers : RHP Jon Schau
|
|
Batting: RHB Juan Reyes
|
0-0: SINGLE (Line Drive, 4MD, EV 106.2 MPH)
|
|
Batting: RHB Won-jun Park
|
0-0: Ball 1-0: Ball 2-0: Called Strike 2-1: Ball 3-1: Foul Ball, location: 2F 3-2: Base on Balls Juan Reyes to second
|
|
Batting: LHB Leo Gomez
|
0-0: Foul Ball, location: 2F 0-1: SINGLE (Groundball, 34D, EV 108.1 MPH) Juan Reyes to third Won-jun Park to second Runner from 3rd tries for Home, SAFE, throw by RF to home
|
|
Batting: RHB Danny Real
|
0-0: Foul Ball, location: 2F 0-1: Hit by Pitch Won-jun Park to third Leo Gomez to second
|
|
Batting: SHB Tim Utz
|
0-0: Ball 1-0: Swinging Strike 1-1: Foul Ball, location: 2F 1-2: Strikes out looking
|
|
Batting: RHB Ben Hinman
|
0-0: Called Strike 0-1: Foul Ball, location: 2F 0-2: Foul Ball, location: 2F 0-2: Foul Ball, location: 2F 0-2: Ball 1-2: Ball 2-2: Fielders Choice at 2nd, 3-6 (Groundball, 34, EV 105.0 MPH) Won-jun Park scores Leo Gomez to third
|
|
Batting: RHB Takanibu Kaneshiro
|
0-0: Called Strike 0-1: Ball 1-1: Called Strike 1-2: Foul Ball, location: 2F 1-2: SINGLE (Flyball, 78S, EV 91.9 MPH) Leo Gomez scores Ben Hinman to second
|
|
Batting: SHB Freddie Farrar
|
0-0: Ball 1-0: Ball 2-0: Ball 3-0: Fielders Choice at 2nd, U6 (Groundball, 6M, EV 83.8 MPH)
|
| Bottom of the 2nd over - 3 runs, 3 hits, 0 errors, 2 left on base; Oklahoma City 1 - Louisville 3 |
| TOP OF THE 3RD |
|
Oklahoma City Dodgers batting - Pitching for Louisville Bats : RHP Justin Ezzell
|
|
Batting: LHB Nate Kee
|
0-0: Ball 1-0: Ball 2-0: Foul Ball, location: 2F 2-1: Called Strike 2-2: Strikes out swinging
|
|
Batting: RHB Kevin Ezell
|
0-0: Ball 1-0: Foul Ball, location: 2F 1-1: Called Strike 1-2: Ball 2-2: Foul Ball, location: 2F 2-2: Foul Ball, location: 2F 2-2: Foul Ball, location: 2F 2-2: Strikes out swinging
|
|
Batting: RHB Jose Ramirez
|
0-0: Called Strike 0-1: Foul Ball, location: 2F 0-2: Foul Ball, location: 2F 0-2: Ball 1-2: Strikes out swinging
|
| Top of the 3rd over - 0 runs, 0 hits, 0 errors, 0 left on base; Oklahoma City 1 - Louisville 3 |
| BOTTOM OF THE 3RD |
|
Louisville Bats batting - Pitching for Oklahoma City Dodgers : RHP Jon Schau
|
|
Batting: RHB Mike Alm
|
0-0: Ball 1-0: Ball 2-0: Foul Ball, location: 2F 2-1: Swinging Strike 2-2: SINGLE (Groundball, 25, EV 69.4 MPH) (infield hit)
|
|
Batting: RHB Juan Reyes
|
0-0: Foul Ball, location: 2F 0-1: Ball 1-1: Ball 2-1: Ball 3-1: Swinging Strike 3-2: Foul Ball, location: 2F 3-2: Strikes out swinging
|
|
Batting: RHB Won-jun Park
|
0-0: Called Strike 0-1: Ball 1-1: Ball 2-1: Ball 3-1: Base on Balls Mike Alm to second
|
|
Batting: LHB Leo Gomez
|
0-0: Called Strike 0-1: Called Strike Mike Alm is caught stealing 3rd base 2-5 0-2: SINGLE (Line Drive, 4D, EV 103.8 MPH) Won-jun Park to second
|
|
Batting: RHB Danny Real
|
0-0: Ball 1-0: Called Strike 1-1: Foul Ball, location: 2F 1-2: Foul Ball, location: 2F 1-2: Strikes out looking
|
| Bottom of the 3rd over - 0 runs, 2 hits, 0 errors, 2 left on base; Oklahoma City 1 - Louisville 3 |
| TOP OF THE 4TH |
|
Oklahoma City Dodgers batting - Pitching for Louisville Bats : RHP Justin Ezzell
|
|
Batting: RHB Jason Baldwin
|
0-0: Ball 1-0: Swinging Strike 1-1: Ball 2-1: Ball 3-1: Reached via error on a dropped throw from 2B, E3 (Groundball, 4M, EV 84.4 MPH)
|
|
Batting: LHB Chris Buchan
|
0-0: Ball Wild Pitch! Jason Baldwin to second 1-0: Ground out 1-3 (Groundball, 34S, EV 71.9 MPH) Jason Baldwin to third
|
|
Batting: RHB John Piccolo
|
0-0: Ball Wild Pitch! Jason Baldwin scores 1-0: Swinging Strike 1-1: Ball 2-1: Ground out U3 (Groundball, 3L, EV 102.5 MPH)
|
|
Batting: RHB Tommy Hunter
|
0-0: Called Strike 0-1: Foul Ball, location: 2F 0-2: Ball 1-2: Ball 2-2: Strikes out swinging
|
| Top of the 4th over - 1 run, 0 hits, 1 error, 0 left on base; Oklahoma City 2 - Louisville 3 |
| BOTTOM OF THE 4TH |
|
Louisville Bats batting - Pitching for Oklahoma City Dodgers : RHP Jon Schau
|
|
Batting: SHB Tim Utz
|
0-0: Ball 1-0: Ball 2-0: Called Strike 2-1: Called Strike 2-2: Strikes out swinging
|
|
Batting: RHB Ben Hinman
|
0-0: Ball 1-0: Called Strike 1-1: Ball 2-1: Foul Ball, location: 2F 2-2: Ground out 6-3 (Groundball, 6, EV 88.8 MPH)
|
|
Batting: RHB Takanibu Kaneshiro
|
0-0: Called Strike 0-1: Ball 1-1: Ball 2-1: DOUBLE (Flyball, 78D, EV 105.0 MPH)
|
|
Batting: SHB Freddie Farrar
|
0-0: Ball 1-0: Ball 2-0: Called Strike 2-1: Foul Ball, location: 2F 2-2: Ball 3-2: Ground out 1-3 (Groundball, 34S, EV 74.4 MPH)
|
| Bottom of the 4th over - 0 runs, 1 hit, 0 errors, 1 left on base; Oklahoma City 2 - Louisville 3 |
| TOP OF THE 5TH |
|
Oklahoma City Dodgers batting - Pitching for Louisville Bats : RHP Justin Ezzell
|
|
Batting: LHB Darrell Ortega
|
0-0: Ball 1-0: SINGLE (Groundball, 6D, EV 96.2 MPH)
|
|
Batting: RHB Justin Curran
|
0-0: Ball 1-0: Ball 2-0: Ball 3-0: Called Strike 3-1: Foul Ball, location: 2F 3-2: Base on Balls Darrell Ortega to second
|
|
Batting: LHB Nate Kee
|
0-0: SINGLE (Line Drive, 5L, EV 95.0 MPH) Darrell Ortega to third Justin Curran to second
|
|
Batting: RHB Kevin Ezell
|
0-0: Swinging Strike 0-1: Foul Ball, location: 2F 0-2: Ball 1-2: Strikes out swinging
|
|
Batting: RHB Jose Ramirez
|
0-0: Called Strike 0-1: Fly out, F4 (Popup, 4, EV 67.5 MPH)
|
|
Batting: RHB Jason Baldwin
|
0-0: Ball 1-0: Foul Ball, location: 2F 1-1: Fly out, F7 (Flyball, 7LMF, EV 98.8 MPH)
|
| Top of the 5th over - 0 runs, 2 hits, 0 errors, 3 left on base; Oklahoma City 2 - Louisville 3 |
| BOTTOM OF THE 5TH |
|
Louisville Bats batting - Pitching for Oklahoma City Dodgers : RHP Jon Schau
|
|
Pitching: RHP Alex Vasquez
|
|
|
Batting: RHB Mike Alm
|
0-0: Ball 1-0: Swinging Strike 1-1: Ball 2-1: Ball 3-1: Foul Ball, location: 2F 3-2: Base on Balls
|
|
Batting: RHB Juan Reyes
|
0-0: Called Strike 0-1: Ball 1-1: Foul Ball, location: 2F 1-2: Ball 2-2: Fly out, F7 (Flyball, 7, EV 87.5 MPH)
|
|
Batting: RHB Won-jun Park
|
0-0: Ball 1-0: Called Strike 1-1: Ball 2-1: Called Strike 2-2: Grounds into double play, 6-4-3 (Groundball, 6D, EV 104.4 MPH)
|
| Bottom of the 5th over - 0 runs, 0 hits, 0 errors, 0 left on base; Oklahoma City 2 - Louisville 3 |
| TOP OF THE 6TH |
|
Oklahoma City Dodgers batting - Pitching for Louisville Bats : RHP Justin Ezzell
|
|
Batting: LHB Chris Buchan
|
0-0: Ball 1-0: Foul Ball, location: 2F 1-1: Ground out 6-3 (Groundball, 4, EV 86.9 MPH)
|
|
Batting: RHB John Piccolo
|
0-0: Ball 1-0: Called Strike 1-1: Ball 2-1: Fly out, F9 (Flyball, 9, EV 86.2 MPH)
|
|
Batting: RHB Tommy Hunter
|
0-0: Ball 1-0: Ball 2-0: Ball 3-0: Called Strike 3-1: Called Strike 3-2: Foul Ball, location: 2F 3-2: Fly out, F7 (Flyball, 78M, EV 90.6 MPH)
|
| Top of the 6th over - 0 runs, 0 hits, 0 errors, 0 left on base; Oklahoma City 2 - Louisville 3 |
| BOTTOM OF THE 6TH |
|
Louisville Bats batting - Pitching for Oklahoma City Dodgers : RHP Alex Vasquez
|
|
Batting: LHB Leo Gomez
|
0-0: Ball 1-0: Ball 2-0: Called Strike 2-1: Foul Ball, location: 2F 2-2: Ball 3-2: Fly out, F8 (Flyball, 8LD, EV 88.1 MPH)
|
|
Batting: RHB Danny Real
|
0-0: Called Strike 0-1: Ball 1-1: Called Strike 1-2: Strikes out swinging
|
|
Batting: SHB Tim Utz
|
0-0: Ball 1-0: Foul Ball, location: 2F 1-1: Foul Ball, location: 2F 1-2: Ball 2-2: Ball 3-2: Strikes out looking
|
| Bottom of the 6th over - 0 runs, 0 hits, 0 errors, 0 left on base; Oklahoma City 2 - Louisville 3 |
| TOP OF THE 7TH |
|
Oklahoma City Dodgers batting - Pitching for Louisville Bats : RHP Justin Ezzell
|
|
Batting: LHB Darrell Ortega
|
0-0: Ball 1-0: Foul Ball, location: 2F 1-1: Ball 2-1: Foul Ball, location: 2F 2-2: Strikes out swinging
|
|
Pitching: RHP Giovonni Morgia
|
|
|
Batting: RHB Justin Curran
|
0-0: Ball 1-0: Swinging Strike 1-1: Fly out, F8 (Flyball, 8RM, EV 86.2 MPH)
|
|
Batting: LHB Nate Kee
|
0-0: Ball 1-0: Foul Ball, location: 2F 1-1: Ground out U3 (Groundball, 3, EV 79.4 MPH)
|
| Top of the 7th over - 0 runs, 0 hits, 0 errors, 0 left on base; Oklahoma City 2 - Louisville 3 |
| BOTTOM OF THE 7TH |
|
Louisville Bats batting - Pitching for Oklahoma City Dodgers : RHP Alex Vasquez
|
|
Pitching: RHP Balinda Msrah
|
|
|
Batting: RHB Ben Hinman
|
0-0: Called Strike 0-1: Ground out U3 (Groundball, 34S, EV 77.5 MPH)
|
|
Batting: RHB Takanibu Kaneshiro
|
0-0: Called Strike 0-1: Foul Ball, location: 2F 0-2: Strikes out looking
|
|
Batting: SHB Freddie Farrar
|
0-0: Ball 1-0: Fly out, F7 (Flyball, 7D, EV 84.4 MPH)
|
| Bottom of the 7th over - 0 runs, 0 hits, 0 errors, 0 left on base; Oklahoma City 2 - Louisville 3 |
| TOP OF THE 8TH |
|
Oklahoma City Dodgers batting - Pitching for Louisville Bats : RHP Giovonni Morgia
|
|
Batting: RHB Kevin Ezell
|
0-0: Ball 1-0: Called Strike 1-1: Called Strike 1-2: Strikes out swinging
|
|
Pinch Hitting: LHB Steve Pond
|
0-0: Ball 1-0: Ball 2-0: Fly out, F7 (Flyball, 78D, EV 85.6 MPH)
|
|
Batting: RHB Jason Baldwin
|
0-0: Called Strike 0-1: Ball 1-1: Foul Ball, location: 2F 1-2: SINGLE (Groundball, 6S, EV 60.0 MPH) (infield hit)
|
|
Pitching: LHP Jesus Perez
|
|
|
Pinch Hitting: RHB Carlos Gonzalez
|
0-0: Foul Ball, location: 2F 0-1: Ball 1-1: Ball 2-1: Fly out, F7 (Flyball, 7, EV 98.1 MPH)
|
| Top of the 8th over - 0 runs, 1 hit, 0 errors, 1 left on base; Oklahoma City 2 - Louisville 3 |
| BOTTOM OF THE 8TH |
|
Louisville Bats batting - Pitching for Oklahoma City Dodgers : RHP Balinda Msrah
|
|
Now at 1B: Carlos Gonzalez
|
|
|
Now at SS: Nate Kee
|
|
|
Now in LF: Steve Pond
|
|
|
Batting: RHB Mike Alm
|
0-0: Called Strike 0-1: Foul Ball, location: 2F 0-2: Foul Ball, location: 2F 0-2: Foul Ball, location: 2F 0-2: Strikes out swinging
|
|
Batting: RHB Juan Reyes
|
0-0: Ball 1-0: Ball 2-0: Ball 3-0: Base on Balls
|
|
Batting: RHB Won-jun Park
|
0-0: Foul Ball, location: 2F 0-1: Ground out 4-3 (Groundball, 34S, EV 81.2 MPH) Juan Reyes to second
|
|
Batting: LHB Leo Gomez
|
0-0: Ground out 5-3 (Groundball, 56, EV 83.8 MPH)
|
| Bottom of the 8th over - 0 runs, 0 hits, 0 errors, 1 left on base; Oklahoma City 2 - Louisville 3 |
| TOP OF THE 9TH |
|
Oklahoma City Dodgers batting - Pitching for Louisville Bats : LHP Jesus Perez
|
|
Pitching: RHP Tim Bant
|
|
|
Batting: RHB John Piccolo
|
0-0: Ball 1-0: Called Strike 1-1: Called Strike 1-2: Foul Ball, location: 2F 1-2: Ball 2-2: Fly out, F8 (Flyball, 8LM, EV 83.8 MPH)
|
|
Batting: RHB Tommy Hunter
|
0-0: Swinging Strike 0-1: Ball 1-1: Foul Ball, location: 2F 1-2: Ball 2-2: Foul Ball, location: 2F 2-2: Fly out, F8 (Flyball, 8RXD, EV 95.0 MPH)
|
|
Batting: LHB Darrell Ortega
|
0-0: Ball 1-0: Ball 2-0: Called Strike 2-1: SINGLE (Groundball, 56S, EV 65.0 MPH) (infield hit)
|
|
Batting: RHB Justin Curran
|
0-0: Ball 1-0: Ball 2-0: 2-RUN HOME RUN (Flyball, 78XD, EV 99.4 MPH), Distance : 398 ft
|
|
Batting: LHB Nate Kee
|
0-0: Foul Ball, location: 2F 0-1: Ball 1-1: SINGLE (Groundball, 15S, EV 69.4 MPH) (infield hit)
|
|
Batting: RHB Kevin Ezell
|
0-0: Called Strike 0-1: Called Strike 0-2: Strikes out looking
|
| Top of the 9th over - 2 runs, 3 hits, 0 errors, 1 left on base; Oklahoma City 4 - Louisville 3 |
| BOTTOM OF THE 9TH |
|
Louisville Bats batting - Pitching for Oklahoma City Dodgers : RHP Balinda Msrah
|
|
Pitching: RHP Jared Wisham
|
|
|
Batting: RHB Danny Real
|
0-0: Called Strike 0-1: Ball 1-1: Ground out 1-3 (Groundball, 15S, EV 68.8 MPH)
|
|
Batting: SHB Tim Utz
|
0-0: Fly out, F8 (Flyball, 8RM, EV 87.5 MPH)
|
|
Pinch Hitting: LHB Jared Paige
|
0-0: Ball 1-0: Fly out, F7 (Flyball, 78M, EV 89.4 MPH)
|
| Bottom of the 9th over - 0 runs, 0 hits, 0 errors, 0 left on base; Oklahoma City 4 - Louisville 3 |
|